 Dungeon Crawl Stone Soup version 0.29.1-1-gd02db6906a (webtiles) character file.

Game seed: 12683908226855853861

8 gzilladon the Sneak (level 2, 13/13 HPs)
             Began as a Spriggan Enchanter on Sept 27, 2022.
             Was a Follower of Sif Muna.
             Quit the game on level 1 of the Dungeon.
             The game lasted 00:04:51 (906 turns).

gzilladon the Sneak (Spriggan Enchanter)             Turns: 906, Time: 00:04:51

Health: 13/13      AC:  2    Str:  4    XL:     2   Next: 0%
Magic:  6/6        EV: 17    Int: 16    God:    Sif Muna [*.....]
Gold:   32         SH:  0    Dex: 15    Spells: 6/6 levels left

rFire   . . .      SeeInvis +   a - +1 dagger
rCold   . . .      Faith    .   (no shield)
rNeg    . . .      Spirit   .   b - +0 robe
rPois   .          Reflect  .   (helmet restricted)
rElec   .          Harm     .   (no cloak)
rCorr   .          Rampage  .   (gloves unavailable)
Will    .....                   (boots unavailable)
Stlth   +++.......              (no amulet)
HPRegen 0.04/turn               (no ring)
MPRegen 0.10/turn               (no ring)

@: very quick
A: very small, no large weapons, unfitting armour, see invisible, speed 3
a: Renounce Religion, Channel Magic


You were on level 1 of the Dungeon.
You worshipped Sif Muna.
Sif Muna was aware of your devotion.
You visited 1 branch of the dungeon, and saw 1 of its levels.

You collected 32 gold pieces.

Inventory:

Hand Weapons
 a - a +1 dagger (weapon)
Armour
 b - a +0 robe (worn)
Scrolls
 e - a scroll of identify {unknown}
 f - a scroll of fear {unknown}
Potions
 c - 2 potions of invisibility
 d - a potion of degeneration {unknown}


   Skills:
 + Level 1.2 Short Blades
 + Level 2.8 Dodging
 * Level 4.7 Stealth
 + Level 2.8 Spellcasting
 + Level 3.9 Hexes


You had 6 spell levels left.
You didn't know any spells.
Your spell library contained the following spells:

 Spells                   Type           Power      Damage    Failure   Level
 Confusing Touch          Hex            14%        N/A       12%         3
 Tukima's Dance           Hex            14%        N/A       12%         3
 Ensorcelled Hibernation  Hex/Ice        16%        N/A       13%         2
 Shock                    Conj/Air       8%         1d3       19%         1
 Dazzling Flash           Conj/Hex       16%        N/A       26%         3
 Swiftness                Air            2%         N/A       50%         3
 Airstrike                Air            1%         2d(1-17)  88%         4


Dungeon Overview and Level Annotations

Branches:
Dungeon (1/15)

Altars:
Sif Muna


Innate Abilities, Weirdness & Mutations

You are very small and have problems with some larger weapons.
You are too small for most types of armour.
You have supernaturally acute eyesight. (SInv)
You cover ground extremely quickly. (Speed+++)


Message History

The ball python is moderately wounded.
The ball python bites you. The ball python misses you.
You hit the ball python.
You kill the ball python!
You start resting.
HP restored.
You open the door.
A frilled lizard comes into view.
The frilled lizard hisses angrily.
There is an open door here.
The frilled lizard barely misses you. The frilled lizard closely misses you.
The frilled lizard misses you.
You barely miss the frilled lizard. The frilled lizard misses you.
You barely miss the frilled lizard.
The frilled lizard completely misses you.
You hit the frilled lizard.
You kill the frilled lizard!
You have reached level 2!
You open the door.
There is an open door here.
There is a faded altar of an unknown god here.
Found a scroll labelled TERPHA FEGODEJ.
Found a stone staircase leading down.
f - a scroll labelled TERPHA FEGODEJ
Found 10 gold pieces.
Found a quarterstaff.
You see here a +0 quarterstaff.
You now have 32 gold pieces (gained 10).
There is a faded altar of an unknown god here.
You cannot tell which god this altar belongs to.
Convert to them anyway?
Sif Muna accepts your prayer! Sif Muna welcomes you!
You can now call upon Sif Muna for magical energy.
You start waiting.
Done waiting.
Welcome back, gzilladon the Spriggan Enchanter.
Sif Muna whispers: I know many secrets...
Press ? for a list of commands and other information.
Are you sure you want to abandon this character and quit the game? (Confirm with "yes".)

## #.#
.####.#############
.#...........##...###
.#......####....#...#
.#.#...## ##..###..##
...##.## ##..## ##..##
.####.# #....###....#
.# #.# #.#...#...#.# .#
##+## ####..@..####
####...## ##._.##
##.....######.....####
##.......##.#...#...#.#
#.........#....###....#
+.........'#..## ##..##
#.........###..###..##
##.....†.## ##..#....#
##.....## #...S..#


There were no monsters in sight!

Vanquished Creatures
  An endoplasm (D:1)
  2 goblins (D:1)
  2 ball pythons (D:1)
  A bat (D:1)
  A frilled lizard (D:1)
  2 rats (D:1)
9 creatures vanquished.

Notes
Turn   | Place    | Note
-------+----------+-------------------------------------------
     0 | D:1      | gzilladon the Spriggan Enchanter began the quest for the
                  | Orb.
     0 | D:1      | Reached XP level 1. HP: 9/9 MP: 5/5
   480 | D:1      | Found a faded altar of an unknown god.
   659 | D:1      | Reached XP level 2. HP: 13/13 MP: 6/6
   770 | D:1      | Prayed at the altar of an unknown god.
   770 | D:1      | Became a worshipper of Sif Muna the Loreminder
   770 | D:1      | Reached * piety under Sif Muna
   906 | D:1      | Quit the game

Illustrated notes

Levels and vault maps discovered:
D:1:      zelgadis_glass_arrival_small, layout_loops_corners,
          nicolae_ecumenical_snake_handling

Action                   || total
-------------------------++-------
Melee: Dagger            ||    24
       Punch             ||     1
Armor: Robe              ||     2
Dodge: Dodged            ||    17
